 Dungeon Crawl Stone Soup version 0.29.1-15-g9cfb28693d (webtiles) character file.

Game seed: 312695586393462903

804669 devnull the Bringer of Law (level 27, -4/249 HPs)
             Began as a Merfolk Gladiator on Mar 10, 2023.
             Was the Champion of Zin.
             Killed from afar by a wendigo (44 damage)
             ... with a seracfall
             ... on level 7 of Cocytus on Mar 12, 2023.
             The game lasted 08:47:01 (109832 turns).

devnull the Bringer of Law (Merfolk Gladiator)    Turns: 109832, Time: 08:47:02

Health: -4/249     AC: 23    Str: 41    XL:     27
Magic:  40/40      EV: 58    Int: 14    God:    Zin [******]
Gold:   3924       SH: 36    Dex: 35    Spells: 22/26 levels left

rFire   + . .      SeeInvis +   a - +9 trishula (holy)
rCold   + + +      Faith    .   H - +0 tower shield
rNeg    . . .      Spirit   .   Q - +6 swamp dragon scales "Goojem" {rPois Will+ Dex+7}
rPois   ∞          Reflect  +   c - +2 helmet {SInv}
rElec   +          Harm     .   g - scarf {rC+ rF+}
rCorr   .          Rampage  .   C - +0 pair of fencer's gloves {Riposte Dex+3}
Will    +++..                   v - +0 pair of boots of Poor Excuses {+Inv Fly Int-2 Slay+4}
Stlth   +++.......              P - amulet "Xumakhlimp" {Reflect rF+ Str+2 SH+5}
HPRegen 0.51/turn               z - ring of Propriety {Ice Str+4 Int-2 Slay+5}
MPRegen 0.27/turn               b - ring "Xoehunle" {Contam Fly rElec rPois rC+}

@: vitalised, on recite cooldown, flying, studying Necromancy, unable to drink,
very quick
A: nimble swimmer 2, mertail
}: 6/15 runes: decaying, slimy, silver, golden, abyssal, gossamer
a: Renounce Religion, Evoke Invisibility, Recite, Vitalisation, Imprison,
Sanctuary, Donate Gold


You were on level 7 of Cocytus.
You worshipped Zin.
Zin was exalted by your worship.
You visited 15 branches of the dungeon, and saw 67 of its levels.
You visited the Abyss 1 time.
You also visited: Sewer, Bailey, Wizlab and Desolation.

You collected 12262 gold pieces.
You spent 4414 gold pieces at shops.
You donated 3924 gold pieces to Zin.

Inventory:

Hand Weapons
 a - a +9 trishula of holy wrath (weapon)
 G - the +5 glaive of the Guard {elec, spectral, AC+5}
   (You found it on level 3 of the Tomb of the Ancients)

   It occasionally discharges a powerful burst of electricity upon striking a
   foe.
   When it strikes, its spirit leaps out and fights alongside the wielder.
   AC:        It affects your AC (+5).
Missiles
 d - a throwing net
 e - 15 boomerangs of dispersal
 q - 77 poisoned darts (quivered)
 y - 11 curare-tipped darts
 S - 2 silver javelins
Armour
 c - a +2 helmet of see invisible (worn)
 g - a scarf of resistance (worn)
 r - the +2 leather armour of Telime {Regen+ rCorr Dex+4 SInv}
   (You found it on level 3 of the Crypt)

   Dex:       It affects your dexterity (+4).
   SInv:      It lets you see invisible.
   Regen:     It increases your rate of health regeneration.
   rCorr:     It protects you from acid and corrosion.
 v - the +0 pair of boots of Poor Excuses (worn) {+Inv Fly Int-2 Slay+4}
   (You found it on level 1 of the Vaults)

   Int:       It affects your intelligence (-2).
   Slay:      It affects your accuracy & damage with ranged weapons and melee
   (+4).
   +Inv:      It lets you turn invisible.
   Fly:       It grants you flight.
 C - the +0 pair of fencer's gloves (worn) {Riposte Dex+3}
   (You found it on level 5 of the Vaults)

   It allows the wearer to riposte with melee weapons, swiftly retaliating
   against missed or blocked melee attacks.
   Dex:       It affects your dexterity (+3).
 H - a +0 tower shield (worn)
 L - the +2 pair of boots of Gestures {rN+}
   (You found it on level 6 of the Dungeon)

   rN:        It protects you from negative energy.
 N - a +2 cloak of preservation
 Q - the +6 swamp dragon scales "Goojem" (worn) {rPois Will+ Dex+7}
   (You found it in the Desolation of Salt)

   Dex:       It affects your dexterity (+7).
   rPois:     It protects you from poison.
   Will:      It increases your willpower.
Jewellery
 b - the ring "Xoehunle" (right hand) {Contam Fly rElec rPois rC+}
   (You found it in the Desolation of Salt)

   [ring of flight]

   rC:        It protects you from cold.
   rElec:     It insulates you from electricity.
   rPois:     It protects you from poison.
   Fly:       It grants you flight.
   Contam:    It causes magical contamination when unequipped.
 u - a ring of positive energy
 z - the ring of Propriety (left hand) {Ice Str+4 Int-2 Slay+5}
   (You took it off Josephina on level 2 of the Depths)

   [ring of ice]

   It enhances your ice magic.
   Str:       It affects your strength (+4).
   Int:       It affects your intelligence (-2).
   Slay:      It affects your accuracy & damage with ranged weapons and melee
   (+5).
   rF:        It makes you vulnerable to fire.
   rC:        It protects you from cold.
 F - a ring of protection from cold
 P - the amulet "Xumakhlimp" (around neck) {Reflect rF+ Str+2 SH+5}
   (You found it on level 14 of the Dungeon)

   [amulet of reflection]

   It reflects blocked missile attacks.
   Str:       It affects your strength (+2).
   rF:        It protects you from fire.
   SH:        It affects your SH (+5).
 W - an amulet of regeneration
 Y - a ring of flight
Wands
 n - a wand of flame (134)
 p - a wand of digging (27)
 A - a wand of paralysis (58)
 T - a wand of roots (29)
 V - a wand of acid (26)
 X - a wand of mindburst (45)
Scrolls
 i - 15 scrolls of butterflies
 j - 11 scrolls of teleportation
 o - 10 scrolls of poison
 B - 10 scrolls of fear
 D - 6 scrolls of blinking
 E - 4 scrolls of enchant weapon
 J - 6 scrolls of magic mapping
 M - 4 scrolls of silence
Potions
 k - 6 potions of ambrosia
 l - 9 potions of magic
 m - a potion of curing
 s - 4 potions of cancellation
 t - 3 potions of haste
 w - 3 potions of might
 x - 10 potions of mutation
 I - 5 potions of invisibility
 K - 15 potions of attraction
 O - 3 potions of berserk rage
 R - a potion of heal wounds
 U - 8 potions of resistance
Miscellaneous
 f - a figurine of a ziggurat
 Z - a phantom mirror


   Skills:
 O Level 27 Fighting
 O Level 27 Polearms
 - Level 21.0 Throwing
 + Level 12.7 Armour
 O Level 27 Dodging
 O Level 27 Shields
 - Level 5.0 Summonings
 O Level 27 Invocations


You had 22 spell levels left.
You knew the following spells:

 Your Spells              Type           Power      Damage    Failure   Level
a - Summon Lightning Spi  Summ/Air       7%         N/A       77%         4

Your spell library contained the following spells:

 Spells                   Type           Power      Damage    Failure   Level
 Summon Small Mammal      Summ           56%        N/A       4%          1
 Call Imp                 Summ           14%        N/A       7%          2
 Apportation              Tloc           0%         N/A       34%         1
 Foxfire                  Conj/Fire      0%         2x1d4     34%         1
 Magic Dart               Conj           0%         1d3       34%         1
 Necrotise                Necr           0%         1d4       34%         1
 Sandblast                Erth           0%         2d4       34%         1
 Sting                    Tmut/Pois      0%         1d3       34%         1
 Summon Guardian Golem    Hex/Summ       7%         N/A       36%         3
 Blink                    Tloc           0%         N/A       45%         2
 Ensorcelled Hibernation  Hex/Ice        0%         N/A       45%         2
 Passwall                 Tmut/Erth      0%         N/A       45%         2
 Poisonous Vapours        Pois/Air       0%         N/A       45%         2
 Static Discharge         Conj/Air       0%         3-3/arc   45%         2
 Sublimation of Blood     Necr           0%         N/A       45%         2
 Wereblood                Tmut           0%         N/A       45%         2
 Confusing Touch          Hex            0%         N/A       71%         3
 Conjure Flame            Conj/Fire      0%         6-21      71%         3
 Dazzling Flash           Conj/Hex       0%         N/A       71%         3
 Frozen Ramparts          Ice            0%         1d1       71%         3
 Gell's Gravitas          Tloc           0%         N/A       71%         3
 Ignite Poison            Fire/Tmut/Pois 0%         N/A       71%         3
 Inner Flame              Hex/Fire       0%         N/A       71%         3
 Lesser Beckoning         Tloc           0%         N/A       71%         3
 Mephitic Cloud           Conj/Pois/Air  0%         N/A       71%         3
 Spider Form              Tmut/Pois      0%         N/A       71%         3
 Stone Arrow              Conj/Erth      0%         3d7       71%         3
 Swiftness                Air            0%         N/A       71%         3
 Teleport Other           Tloc           0%         N/A       71%         3
 Animate Armour           Summ/Erth      14%        N/A       77%         4
 Summon Ice Beast         Ice/Summ       10%        N/A       77%         4
 Airstrike                Air            0%         2d(0-16)  98%         4
 Anguish                  Hex/Necr       0%         N/A       98%         4
 Corpse Rot               Necr/Pois/Air  0%         N/A       98%         4
 Dispel Undead            Necr           0%         3d6       98%         4
 Flame Wave               Conj/Fire      0%         2d4       98%         4
 Hailstorm                Conj/Ice       0%         3d3       98%         4
 Ice Form                 Ice/Tmut       0%         N/A       98%         4
 Leda's Liquefaction      Hex/Erth       0%         N/A       98%         4
 Olgreb's Toxic Radiance  Pois           0%         N/A       98%         4
 Passage of Golubria      Tloc           0%         N/A       98%         4
 Petrify                  Tmut/Erth      0%         N/A       98%         4
 Sticky Flame             Conj/Fire      0%         2d3       98%         4
 Summon Mana Viper        Hex/Summ       7%         N/A       98%         5
 Agony                    Necr           0%         N/A       100%        5
 Alistair's Intoxication  Tmut/Pois      0%         N/A       100%        5
 Blade Hands              Tmut           0%         N/A       100%        5
 Fireball                 Conj/Fire      0%         3d3       100%        5
 Irradiate                Conj/Tmut      0%         3d11      100%        5
 Lee's Rapid Deconstruct  Erth           0%         3d5*      100%        5
 Lightning Bolt           Conj/Air       0%         1d11      100%        5
 Manifold Assault         Tloc           0%         N/A       100%        5
 Silence                  Hex/Air        0%         N/A       100%        5
 Yara's Violent Unravell  Hex/Tmut       0%         3d3       100%        5
 Dispersal                Tloc           0%         N/A       100%        6
 Iron Shot                Conj/Erth      0%         9d1       100%        6
 Simulacrum               Ice/Necr       0%         N/A       100%        6
 Starburst                Conj/Fire      0%         6d3       100%        6
 Statue Form              Tmut/Erth      0%         N/A       100%        6
 Enfeeble                 Hex            0%         N/A       100%        7
 Malign Gateway           Summ/Tloc      3%         N/A       100%        7
 Monstrous Menagerie      Summ           7%         N/A       100%        7
 Orb of Destruction       Conj           0%         9d5       100%        7
 Ozocubu's Refrigeration  Ice            0%         4d7       100%        7
 Spellforged Servitor     Conj/Summ      3%         N/A       100%        7
 Storm Form               Tmut/Air       0%         N/A       100%        7
 Summon Hydra             Summ           7%         N/A       100%        7
 Disjunction              Tloc           0%         N/A       100%        8
 Ignition                 Fire           0%         3d3       100%        8
 Lehudib's Crystal Spear  Conj/Erth      0%         10d2      100%        8
 Maxwell's Capacitive Co  Air            0%         ∞         100%        8
 Necromutation            Tmut/Necr      0%         N/A       100%        8
 Chain Lightning          Conj/Air       0%         N/A       100%        9
 Fire Storm               Conj/Fire      0%         5d1       100%        9
 Shatter                  Erth           0%         3d5*      100%        9


Dungeon Overview and Level Annotations

Branches:
Dungeon (15/15)            Temple (1/1) D:7            Lair (5/5) D:10
  Swamp (4/4) Lair:2       Spider (4/4) Lair:3        Slime (5/5) Lair:5
    Orc (2/2) D:12            Elf (3/3) Orc:2        Vaults (5/5) D:13
  Crypt (3/3) Vaults:3       Tomb (3/3) Crypt:3      Depths (4/4) D:15
   Hell (visited)             Dis (0/7) Hell            Geh (0/7) Hell
    Coc (7/7) Hell            Tar (0/7) Hell            Zot (5/5) Depths:4
  Sewer (visited)          Bailey (visited)          WizLab (visited)
Desolation (visited)

Altars:
Ashenzari
Cheibriados
Dithmenos
Elyvilon
Fedhas
Gozag
Hepliaklqana
Kikubaaqudgha
Makhleb
Nemelex Xobeh
Okawaru
Qazlal
Ru
Sif Muna
Trog
Uskayaw
Vehumet
Wu Jian
Xom
Yredelemnul
Zin
The Shining One
Jiyva

Shops:
D:7 *[   Orc:2 [(?*   Elf:2 !*[   Elf:3 :   Vaults:1 :   Vaults:2 [[:
Vaults:3 (   Depths:3 *

Portals:
Hell: Depths:1 Depths:2 Depths:3 Depths:4
Abyss: Depths:1 Depths:2 Depths:3 Depths:4
Pandemonium: Depths:2
Ziggurat: Depths:3
Trove: Vaults:4 (give +3 gold dragon scales)


Innate Abilities, Weirdness & Mutations

You are very nimble when in or above water. (Stealth+, EV+, Speed+++)
Your lower body shifts to a powerful aquatic tail in water.


Message History

The iron dragon simulacrum collapses into a mass of ice!
The mass of ice explodes!
The seracfall engulfs you! You partially resist.
You hear a screech! x2
You're not ready to recite again yet.
Unknown command.
Unknown command.
Aiming: Imprison (0% risk of failure)
Press: ? - help, Dir - move target, f - azure jelly
Aim: an azure jelly
Okay, then.
Unknown command.
A nargun comes into view.
The tormentor calls on the powers of darkness!
Your body is wracked with pain!
The azure jelly convulses!
The wendigo fires a burst of electricity at you.
The stunning burst misses you.
A wendigo comes into view.
The azure jelly is engulfed in freezing vapours.
A dire elephant simulacrum comes into view.
A juggernaut simulacrum comes into view.
A golden dragon simulacrum comes into view.
The tormentor calls on the powers of darkness!
Your body is wracked with pain!
* * * LOW HITPOINT WARNING * * *
The azure jelly convulses!
You stick the tormentor like a pincushion!!!
You kill the tormentor!
You block the azure jelly's attack.
The azure jelly hits you but does no damage.
The azure jelly hits you.
* * * LOW HITPOINT WARNING * * *
You block the azure jelly's attack.
A nargun and a tormentor come into view.
A shard shrike comes into view.
The wendigo gestures.
The golden dragon simulacrum collapses into a mass of ice!
The mass of ice explodes!
The seracfall engulfs the nargun!
The nargun partially resists.
The seracfall engulfs you!!! You partially resist.
You die...

#........#
.#....#.R.#
≈.#.....ZZ#
≈.#....#...#
≈≈.#.....R..#
≈≈≈.#.....R##
≈≈.#....#J##
≈≈≈.####.≈.##
≈≈≈≈....≈9@9#
≈≈≈≈≈≈≈≈≈.#......
≈≈≈≈≈≈≈≈.#9.○....
≈≈≈≈≈≈≈≈.#...#.#2
≈≈≈≈≈≈≈≈.#.....9.
≈≈Z≈≈≈≈≈.#..... b
≈≈≈≈≈≈≈≈≈.#....
≈≈≈≈≈≈≈ #..#.


You could see a shard shrike, 2 wendigos, an azure jelly, 4 narguns, a tormentor
(wandering) and a dire elephant simulacrum.

Vanquished Creatures
  the Royal Jelly (Slime:5)
  Dissolution (Slime:2)
  5 dread liches
  5 orbs of fire
  9 ancient liches
  A juggernaut (Depths:2)
  31 royal mummies
  Vv (Crypt:1)
  Josephina (Depths:2)
  The ghost of LustLizard the Warrior, a veteran HOMo of Beogh (Zot:5)
  17 shard shrikes
  2 Killer Klowns (Zot:5)
  Frederick (Vaults:3)
  Xtahua (Depths:4)
  A shard shrike (shapeshifter) (Vaults:5)
  Margery (Crypt:1)
  Saint Roka (Elf:2)
  2 curse toes
  Geryon (Hell)
  Nikola (Vaults:3)
  A caustic shrike (Zot:5)
  4 bone dragons
  12 golden dragons
  A profane servitor (Crypt:3)
  Arachne (Spider:4)
  2 Tzitzimimeh (Depths:4)
  3 doom hounds (Depths:4)
  The ghost of safid the Cryomancer, an adept MfIE of Vehumet (Depths:3)
  2 electric golems (Zot:5)
  A shard shrike skeleton (Tomb:3)
  Zenata (Crypt:1)
  The ghost of Fuosuwyu the Omniscient, an adept GnWr of Ashenzari (D:15)
  8 Ice Fiends
  A walking earthen tome (Depths:2)
  25 Orb Guardians (Zot:5)
  Rupert (Lair:5)
  22 tentacled monstrosities
  6 liches
  Grunn (Depths:4)
  6 titans
  2 deep elf blademasters (Elf:3)
  4 quicksilver dragons
  24 acid blobs
  A walking frostbound tome (Depths:4)
  2 deep elf master archers (Elf:3)
  18 ancient champions
  16 death cobs
  9 sphinxes
  3 tentacled starspawn
  16 storm dragons
  13 shadow dragons
  10 tengu reavers
  2 thorn hunters
  6 draconian monks
  Roxanne (Spider:1)
  8 revenants
  A fenstrider witch (Zot:5)
  25 azure jellies
  Louise (Spider:1)
  7 narguns
  7 fire giants
  4 emperor scorpions
  11 rockslimes
  7 frost giants
  12 draconian knights
  5 draconian scorchers
  An iron dragon (Depths:4)
  2 orc warlords
  3 balrugs
  5 deep elf sorcerers
  2 imperial myrmidons (Desolation)
  The ghost of Alirepe the Fiendish, a journeyman DsAr of Makhleb (D:13)
  16 vault wardens
  10 ghost moths
  8 ironbound preservers
  4 draconian shifters
  4 shard shrike simulacra
  9 deep elf elementalists (Elf:3)
  Aizul (Spider:1)
  3 angels
  3 spriggan defenders
  The ghost of Etiptid the Bludgeoner, a journeyman TrHu of Yredelemnul (D:14)
  6 draconian annihilators
  10 stone giants
  11 ghouls
  3 curse skulls
  6 draconian stormcallers
  5 ironbound thunderhulks
  9 reapers
  27 very ugly things
  2 caustic shrike skeletons (Hell)
  14 quicksilver oozes
  A broodmother (Spider:4)
  6 war gargoyles
  5 vampire knights
  13 elemental wellsprings
  10 bennus (Tomb:3)
  14 black draconians
  4 eleionomae
  A juggernaut skeleton (Hell)
  11 green draconians
  2 halazid warlocks (Desolation)
  3 deep elf demonologists
  15 white draconians
  8 deep elf annihilators
  2 entropy weavers
  3 dire elephants (Vaults:3)
  7 spark wasps
  20 yellow draconians
  3 bunyips
  7 purple draconians
  6 wendigos
  22 red draconians
  7 deep elf death magi
  2 crystal guardians
  3 eidola
  9 ettins
  23 jiangshi
  2 blizzard demons (Hell)
  21 mummy priests
  20 yaktaur captains
  A spectral spriggan (Depths:3)
  4 spriggan zombies
  10 great orbs of eyes
  39 vault guards
  9 deep elf high priests
  8 ragged hierophants (Desolation)
  8 fire dragons
  7 ice dragons
  8 peacekeepers
  3 ogre magi (Vaults:5)
  9 juggernaut simulacra
  6 caustic shrike simulacra
  9 boulder beetles
  2 catoblepae
  A hell beast (Hell)
  29 hydras
  A rakshasa (Abyss:4)
  A radroach (shapeshifter) (Vaults:1)
  12 two-headed ogres
  7 servants of whispers (Desolation)
  3 ironbound frosthearts
  5 spriggan air magi
  A catoblepas (shapeshifter) (Vaults:5)
  2 ghost crabs
  4 radroaches
  An anaconda (Lair:5)
  4 deep troll shamans
  36 dancing weapons
  13 tengu warriors
  8 alligators
  3 centaur warriors
  62 death scarabs
  6 hell hogs
  A death knight (Crypt:3)
  4 deep troll earth magi
  5 vampire magi
  A death yak (D:9)
  13 spriggan berserkers
  4 orc high priests (Orc:2)
  A storm dragon zombie (Depths:1)
  3 thrashing horrors
  20 deep elf knights
  Nergalle (Lair:3)
  Sonja (D:13)
  11 spriggans
  6 iron trolls
  A spectral dire elephant (Crypt:3)
  12 sun demons
  15 hell knights
  6 soul eaters
  42 skeletal warriors
  6 pharaoh ants
  Amaemon (D:9)
  A sun moth (Spider:4)
  41 deep trolls
  4 goliath frogs
  3 shadow wraiths
  2 sixfirhies (Depths:2)
  A fire crab (Lair:5)
  A storm dragon skeleton (Crypt:3)
  2 steelbarb worms (Spider:4)
  2 quicksilver dragon simulacra
  A fire crab (shapeshifter) (Depths:1)
  6 glowing orange brains
  6 flayed ghosts
  5 lindwurms
  4 wizards
  12 deep elf archers
  9 swamp dragons
  3 spriggan simulacra
  An orange crystal statue (Depths:2)
  3 spriggan druids
  14 orb spiders
  An obsidian statue (Lair:1)
  11 phantasmal warriors
  4 bog bodies
  2 fenstrider witch simulacra
  5 harpies (Vaults:1)
  9 orc knights
  6 necromancers
  41 deep elf pyromancers
  20 deep elf zephyrmancers
  An anaconda skeleton (Tomb:1)
  14 ironbound convokers
  19 wolf spiders
  A draconian zombie (Crypt:1)
  43 ugly things
  3 manticores
  5 orc sorcerers
  7 shining eyes
  3 mana vipers (shapeshifter) (Vaults:5)
  5 will-o-the-wisps
  A worldbinder (Abyss:3)
  A stone giant zombie (Hell)
  29 moths of wrath
  4 draconians (Abyss:4)
  An eleionoma skeleton (Crypt:2)
  A salamander (Depths:1)
  A spectral centaur (Crypt:3)
  A stone giant skeleton (Crypt:1)
  A dire elephant zombie (Tomb:2)
  A centaur zombie (Crypt:1)
  2 guardian serpents (Desolation)
  4 elephants
  8 torpor snails
  3 eyes of devastation
  A fire giant skeleton (Crypt:2)
  6 molten gargoyles
  2 storm dragon simulacra
  A centaur skeleton (Tomb:3)
  5 orange demons
  4 titan simulacra
  A gargoyle (D:12)
  17 cane toads
  An eye of devastation (shapeshifter) (D:15)
  15 vault sentinels
  A komodo dragon (shapeshifter) (Depths:2)
  4 smoke demons
  5 hellions
  3 rime drakes
  8 demonic crawlers
  2 unseen horrors
  4 komodo dragons
  A sea snake zombie (Crypt:1)
  56 guardian mummies
  A kobold demonologist (Depths:1)
  5 tengu conjurers
  3 efreet
  An unseen horror (shapeshifter) (Vaults:5)
  A hellwing (Depths:2)
  A spark wasp simulacrum (Depths:1)
  3 ice devils (Depths:2)
  44 yaktaurs
  A black draconian skeleton (Crypt:1)
  2 red devils
  An anaconda simulacrum (Coc:6)
  2 iron giant simulacra
  8 freezing wraiths
  A golden dragon simulacrum (Depths:2)
  2 bunyip simulacra
  2 harpy zombies
  A death yak skeleton (Crypt:2)
  9 meliai
  4 tormentors
  A silent spectre (Abyss:3)
  2 shadow dragon simulacra
  A polar bear (shapeshifter) (D:15)
  A hydra zombie (Crypt:1)
  4 trolls
  2 polar bears (Lair:5)
  2 bloated husks (Swamp:4)
  A sphinx simulacrum (Depths:3)
  10 tyrant leeches
  15 hornets
  118 slime creatures
  52 saltlings (Desolation)
  9 raiju
  22 tarantellas
  A tengu simulacrum (Depths:3)
  32 blink frogs
  A dream sheep (shapeshifter) (Vaults:5)
  An ettin zombie (Depths:1)
  3 large abominations (Abyss:4)
  3 stone giant simulacra
  4 dream sheep (Lair:5)
  4 air elementals
  An iron dragon simulacrum (Coc:3)
  61 flying skulls
  23 jumping spiders
  4 dire elephant simulacra
  14 water elementals
  53 yaks
  20 culicivoras
  7 shadows
  12 wraiths
  5 wyverns
  9 ushabtiu
  5 vampires
  12 golden eyes
  18 fire elementals
  2 neqoxecs
  An alligator snapping turtle simulacrum (Coc:2)
  A black mamba skeleton (Tomb:2)
  7 basilisks
  56 redbacks
  2 steam dragons
  A wind drake skeleton (Crypt:1)
  10 harpy simulacra
  10 vampire mosquitoes
  5 two-headed ogre zombies (WizLab)
  27 swamp worms
  A swamp worm (shapeshifter) (Vaults:5)
  6 wargs
  2 naga zombies (Crypt:1)
  An acid dragon (D:7)
  3 hydra simulacra
  A floating eye (Depths:2)
  A glowing shapeshifter skeleton (Depths:1)
  5 hell hounds
  17 water moccasins
  A sky beast (D:7)
  2 floating eyes (shapeshifter) (Vaults:5)
  49 orc warriors
  9 swamp drakes
  A snapping turtle zombie (Crypt:1)
  3 ice beasts
  3 black bears
  5 ettin simulacra
  20 wolves
  11 ogres
  9 centaurs
  A swamp dragon skeleton (Crypt:2)
  8 kobold brigands
  6 necrophages
  15 bullfrogs
  A gnoll sergeant (D:8)
  5 earth elementals
  A glowing shapeshifter simulacrum (Depths:3)
  A scorpion (D:5)
  4 wights (WizLab)
  7 troll zombies (WizLab)
  4 killer bees (D:8)
  A shapeshifter zombie (Crypt:2)
  4 howler monkeys
  5 electric eels
  32 orc priests
  A quasit (Abyss:3)
  2 gnoll boudas
  2 human zombies (Crypt:1)
  3 hounds
  2 jellies
  Jessica (D:2)
  4 iguanas
  Terence (D:2)
  23 orc wizards
  A hell rat (D:10)
  An acid dragon zombie (Crypt:2)
  A centaur simulacrum (D:9)
  6 ogre zombies (WizLab)
  39 mummies
  14 gnolls
  5 river rats
  11 adders
  3 shadow imps
  A white imp (Abyss:3)
  An ufetubus (D:5)
  A worm (D:3)
  6 dart slugs
  136 orcs
  3 bats (D:3)
  A bat (shapeshifter) (Vaults:5)
  4 endoplasms
  5 giant cockroaches
  11 goblins
  4 hobgoblins
  3 jackals (Sewer)
  8 quokkas
  12 ball pythons
  A butterfly zombie (Crypt:1)
  4 frilled lizards
  A goblin skeleton (Crypt:2)
  20 kobolds
  A kobold skeleton (Crypt:1)
  An orc skeleton (Crypt:2)
  12 rats
  2 briar patches
  A lurking horror (Abyss:4)
  29 pillars of salt
  2 starspawn tentacles (Abyss:3)
3189 creatures vanquished.

Vanquished Creatures (collateral kills)
  A hornet (Depths:4)
1 creature vanquished.

Vanquished Creatures (others)
  A storm dragon (Zot:5)
  An orc warlord (Orc:2)
  2 shard shrike simulacra
  A red draconian (Zot:1)
  A caustic shrike simulacrum (Coc:4)
  2 juggernaut simulacra (Coc:2)
  2 vault guards
  A death scarab (Spider:4)
  3 deep elf knights (Elf:3)
  A swamp dragon (Swamp:4)
  An orange crystal statue (Vaults:1)
  An orb spider (Spider:4)
  2 deep elf zephyrmancers
  A moth of wrath (Zot:1)
  A titan simulacrum (Coc:2)
  An anaconda simulacrum (Coc:6)
  A golden dragon simulacrum (Coc:7)
  2 iron giant simulacra
  A hornet (Swamp:1)
  A tarantella (Spider:4)
  2 iron dragon simulacra
  A spriggan (Swamp:1)
  A naga simulacrum (Coc:7)
  A water elemental (Elf:3)
  A swamp worm (Swamp:1)
  A hydra simulacrum (Coc:6)
  An ettin simulacrum (Coc:4)
  A bullfrog (Lair:4)
  A small abomination (Abyss:4)
  2 mummies (Tomb:3)
  A gnoll (D:8)
  An orc (D:8)
  5 briar patches
  26 foxfires
  23 fungi
  110 pillars of salt
  107 plants
  2 starspawn tentacles (Abyss:4)
314 creatures vanquished.

Grand Total: 3504 creatures vanquished

Notes
Turn   | Place    | Note
-------+----------+-------------------------------------------
     0 | D:1      | devnull the Merfolk Gladiator began the quest for the Orb.
     0 | D:1      | Reached XP level 1. HP: 16/16 MP: 1/1
   329 | D:1      | Reached XP level 2. HP: 22/22 MP: 2/2
   405 | D:1      | Reached skill level 5 in Polearms
   999 | D:1      | Found a faded altar of an unknown god.
  1155 | D:2      | Reached XP level 3. HP: 27/27 MP: 3/3
  1259 | D:2      | Noticed Jessica
  1296 | D:2      | Killed Jessica
  1301 | D:2      | Noticed Terence
  1509 | D:2      | Identified the +6 spear "Vodutob" {flame, rPois rCorr
                  | Int-5}
  1573 | D:2      | Reached XP level 4. HP: 28/33 MP: 4/4
  1971 | D:2      | Killed Terence
  2679 | D:3      | Reached XP level 5. HP: 32/38 MP: 5/5
  2765 | D:3      | Found a white marble altar of Elyvilon.
  2909 | D:3      | Noticed an ice beast
  2915 | D:3      | Killed an ice beast
  3068 | D:3      | Reached XP level 6. HP: 43/44 MP: 6/6
  3069 | D:3      | Found a glowing drain.
  3077 | Sewer    | Entered a sewer
  3420 | Sewer    | Reached skill level 10 in Polearms
  3420 | Sewer    | Reached XP level 7. HP: 49/50 MP: 7/7
  4232 | D:4      | Found a hide-covered altar of Uskayaw.
  4245 | D:4      | Found a bloodstained altar of Trog.
  4737 | D:4      | Found a faded altar of an unknown god.
  4737 | D:4      | Found a hazy altar of Hepliaklqana.
  4739 | D:4      | Found a faded altar of an unknown god.
  4981 | D:5      | Entered Level 5 of the Dungeon
  5042 | D:5      | Reached skill level 5 in Fighting
  5042 | D:5      | Reached XP level 8. HP: 54/62 MP: 8/8
  5170 | D:5      | Found a sparkling altar of Nemelex Xobeh.
  5419 | D:5      | Found a glowing silver altar of Zin.
  5660 | D:5      | Found an ornate altar of the Wu Jian Council.
  5770 | D:5      | Found an iron altar of Okawaru.
  5989 | D:5      | Became a worshipper of Zin the Law-Giver
  5989 | D:5      | Reached * piety under Zin
  6152 | D:6      | Reached ** piety under Zin
  6293 | D:6      | Found a blossoming altar of Fedhas.
  6304 | D:6      | Reached skill level 1 in Invocations
  6713 | D:6      | Reached skill level 5 in Invocations
  6719 | D:6      | Identified the +2 pair of boots of Gestures {rN+}
  7082 | D:7      | Found Ami Gomu's Antique Armour Shoppe.
  7259 | D:7      | Reached XP level 9. HP: 72/72 MP: 12/12
  7268 | D:7      | Reached skill level 5 in Dodging
  7303 | D:7      | Found a flagged portal.
  7315 | Bailey   | Entered a bailey
  7556 | Bailey   | Noticed an orc knight
  7865 | Bailey   | Reached *** piety under Zin
  7947 | Bailey   | Killed an orc knight
  7955 | Bailey   | Reached skill level 10 in Dodging
  8312 | D:7      | Found Dowyom's Desiderata Depot.
  8408 | D:7      | Reached XP level 10. HP: 79/79 MP: 15/15
  8512 | D:7      | Found a staircase to the Ecumenical Temple.
  8586 | D:7      | Found a basalt altar of Yredelemnul.
  8612 | Temple   | Entered the Ecumenical Temple
  9339 | D:7      | Found a blossoming altar of Fedhas.
  9341 | D:7      | Found a shimmering altar of Xom.
  9341 | D:7      | Found a hazy altar of Hepliaklqana.
  9343 | D:7      | Found a shimmering altar of Xom.
  9343 | D:7      | Found a bloodstained altar of Trog.
  9343 | D:7      | Found a shimmering altar of Xom.
  9731 | D:8      | Reached **** piety under Zin
 10116 | D:8      | Found a burning altar of Makhleb.
 10743 | D:9      | Noticed a two-headed ogre
 10769 | D:9      | Killed a two-headed ogre
 11017 | D:9      | Reached XP level 11. HP: 59/87 MP: 17/17
 11694 | D:9      | Noticed Amaemon
 11706 | D:9      | Killed Amaemon
 11707 | D:9      | Reached skill level 10 in Fighting
 12202 | D:10     | Entered Level 10 of the Dungeon
 12211 | D:10     | Reached ***** piety under Zin
 12704 | D:10     | Noticed a death yak
 12710 | D:10     | Noticed a death yak
 12714 | D:10     | Noticed a death yak
 12790 | D:9      | Killed a death yak
 12949 | D:10     | Found a staircase to the Lair.
 13359 | D:11     | Reached skill level 10 in Invocations
 13359 | D:11     | Noticed a brown ugly thing
 13397 | D:11     | Killed a brown ugly thing
 13496 | D:7      | Bought a +2 demon trident of electrocution for 544 gold
                  | pieces
 13779 | D:11     | Reached XP level 12. HP: 83/97 MP: 20/20
 13964 | D:11     | Noticed a boulder beetle
 13989 | D:11     | Killed a boulder beetle
 14591 | D:12     | Noticed a boulder beetle
 14611 | D:12     | Killed a boulder beetle
 14717 | D:12     | Noticed a five-headed hydra
 14725 | D:12     | Killed a five-headed hydra
 15025 | D:12     | Found a staircase to the Orcish Mines.
 15131 | Lair:1   | Entered Level 1 of the Lair of Beasts
 15908 | Lair:1   | Noticed a catoblepas
 16055 | Lair:1   | Identified a scroll of acquirement
 16138 | Lair:1   | Killed a catoblepas
 16207 | Lair:2   | Noticed a four-headed hydra
 16222 | Lair:2   | Killed a four-headed hydra
 16223 | Lair:2   | Reached skill level 15 in Invocations
 16262 | Lair:2   | Found a staircase to the Swamp.
 16278 | Lair:2   | Reached XP level 13. HP: 99/104 MP: 24/24
 17040 | Lair:3   | Noticed Nergalle
 17051 | Lair:3   | Killed Nergalle
 17084 | Lair:3   | Learned a level 4 spell: Summon Lightning Spire
 17157 | Lair:3   | Reached skill level 1 in Summonings
 17662 | Lair:3   | Reached skill level 5 in Summonings
 17708 | Lair:3   | Reached skill level 1 in Shields
 17829 | Lair:3   | Found a hole to the Spider Nest.
 18488 | Lair:4   | Reached skill level 5 in Shields
 19208 | Lair:5   | Entered Level 5 of the Lair of Beasts
 19208 | Lair:5   | Noticed Rupert
 19285 | Lair:5   | Reached XP level 14. HP: 93/115 MP: 25/25
 19370 | Lair:5   | Reached skill level 15 in Polearms
 20020 | Lair:5   | Reached ****** piety under Zin
 20124 | Lair:5   | Killed Rupert
 20372 | Lair:5   | Found a staircase to the Slime Pits.
 20372 | Lair:5   | Found a viscous altar of Jiyva.
 21189 | Orc:1    | Entered Level 1 of the Orcish Mines
 21630 | Orc:2    | Entered Level 2 of the Orcish Mines
 22231 | Orc:2    | Paralysed by an orc sorcerer for 3 turns
 22362 | Orc:2    | Found a staircase to the Elven Halls.
 22830 | Orc:2    | Paralysed by an orc sorcerer for 5 turns
 22844 | Orc:2    | Reached XP level 15. HP: 79/120 MP: 26/26
 22910 | Orc:2    | Found Reukury's Assorted Antiques.
 22910 | Orc:2    | Noticed an orc warlord
 22927 | Orc:2    | Killed an orc warlord
 22966 | Orc:2    | Found Qaoghaoh's Magic Scroll Shop.
 23080 | Orc:2    | Noticed an orc warlord
 23130 | Orc:2    | Killed an orc warlord
 23182 | Orc:2    | Found Atish's Antique Weapon Boutique.
 23266 | Orc:2    | Found Hucoci's Armour Shop.
 23397 | Orc:2    | Acquired 945 gold pieces
 23459 | Orc:2    | Bought a scroll of acquirement for 520 gold pieces
 23471 | Orc:2    | Bought a scroll of identify for 54 gold pieces
 23471 | Orc:2    | Bought a scroll of identify for 54 gold pieces
 23476 | Orc:2    | Reached XP level 16. HP: 127/127 MP: 27/27
 23488 | Orc:2    | Bought a scroll of teleportation for 30 gold pieces
 23488 | Orc:2    | Bought a scroll of enchant weapon for 75 gold pieces
 23488 | Orc:2    | Bought a scroll of identify for 20 gold pieces
 23498 | Orc:2    | Bought a runed golden ring for 135 gold pieces
 23730 | Temple   | Fell from the grace of Zin
 23730 | Temple   | Became a worshipper of the Shining One
 23730 | Temple   | Reached * piety under the Shining One
 23730 | Temple   | Reached ** piety under the Shining One
 23730 | Temple   | Reached *** piety under the Shining One
 23976 | D:13     | Found an ornate altar of the Wu Jian Council.
 24247 | D:13     | Found a gate to the Vaults.
 24577 | D:13     | Noticed Sonja
 24588 | D:13     | Killed Sonja
 25177 | D:14     | Reached **** piety under the Shining One
 25326 | D:14     | Reached skill level 5 in Throwing
 25418 | D:14     | Found a runed translucent gate.
 25418 | D:14     | Found a runed translucent gate.
 25419 | D:14     | Found an ancient bone altar of Kikubaaqudgha.
 25419 | D:14     | Found a runed translucent gate.
 25420 | D:14     | Noticed a lich
 25420 | D:14     | Noticed Etiptid's ghost (journeyman TrHu)
 25420 | D:14     | Noticed Alirepe's ghost (journeyman DsAr)
 25421 | D:14     | Noticed a lich
 25421 | D:14     | Noticed a lich
 25422 | D:14     | Found the +8 arc blade {discharge, rElec}
 25814 | D:13     | Killed a lich
 25815 | D:13     | Killed a lich
 25912 | D:14     | Killed Etiptid's ghost
 25913 | D:14     | Killed a lich
 26098 | D:13     | Killed Alirepe's ghost
 26107 | D:13     | You fall into a shaft and drop 1 floor!
 26218 | D:14     | Identified the amulet "Xumakhlimp" {Reflect rF+ Str+2 SH+5}
 26231 | D:14     | Identified the +0 pair of boots "Xaets" {rF+}
 26285 | D:15     | Entered Level 15 of the Dungeon
 26537 | D:15     | Reached skill level 10 in Throwing
 27006 | D:15     | Acquired 1140 gold pieces
 27107 | D:15     | Reached XP level 17. HP: 133/133 MP: 28/28
 27210 | D:15     | Found a runed translucent door.
 27210 | D:15     | Found a shimmering altar of Xom.
 27210 | D:15     | Noticed Fuosuwyu's ghost (adept GnWr)
 27210 | D:15     | Found the +6 lightning scales {swift, rElec}
 27500 | D:15     | Found a staircase to the Depths.
 27808 | Swamp:1  | Entered Level 1 of the Swamp
 27900 | Swamp:1  | You fall into a shaft and drop 1 floor!
 28261 | D:7      | Bought a manual of Dodging for 880 gold pieces
 28588 | Swamp:1  | Reached skill level 15 in Dodging
 28983 | Swamp:1  | Reached ***** piety under the Shining One
 31974 | Swamp:4  | Entered Level 4 of the Swamp
 32194 | Swamp:4  | Noticed a tentacled monstrosity
 32249 | Swamp:4  | Killed a tentacled monstrosity
 32637 | Swamp:4  | Reached XP level 18. HP: 132/140 MP: 29/29
 32836 | Swamp:4  | Got a decaying rune of Zot
 32883 | Swamp:4  | Reached skill level 10 in Shields
 33373 | Elf:1    | Entered Level 1 of the Elven Halls
 33373 | Elf:1    | Reached ****** piety under the Shining One
 33409 | Orc:2    | Identified a +4 trishula of holy wrath (a +2 spectral demon
                  | trident blessed by the Shining One)
 33409 | Orc:2    | Received a gift from the Shining One
 33534 | Orc:2    | Found Reukury's Assorted Antiques.
 33537 | Orc:2    | Found Qaoghaoh's Magic Scroll Shop.
 33922 | D:5      | Fell from the grace of the Shining One
 33922 | D:5      | Became a worshipper of Zin the Law-Giver
 34453 | Orc:2    | Found Atish's Antique Weapon Boutique.
 34486 | Orc:2    | Found Hucoci's Armour Shop.
 34600 | Orc:2    | Found a staircase to the Elven Halls.
 35092 | Spider:1 | Entered Level 1 of the Spider Nest
 35092 | Spider:1 | Noticed Louise
 35115 | Spider:1 | Killed Louise
 35233 | Spider:1 | Noticed Roxanne
 35248 | Spider:1 | Killed Roxanne
 35979 | Spider:1 | Noticed Aizul
 35997 | Spider:1 | Killed Aizul
 37817 | Spider:2 | Reached skill level 15 in Fighting
 39102 | Spider:4 | Entered Level 4 of the Spider Nest
 39262 | Spider:4 | Reached XP level 19. HP: 155/155 MP: 30/30
 39306 | Spider:4 | Noticed Arachne
 39340 | Spider:4 | Killed Arachne
 41437 | Spider:4 | Identified the +1 pair of gloves of the Bull {*Corrode
                  | rPois Str+8 Int+2}
 41443 | Spider:4 | Got a gossamer rune of Zot
 42193 | Elf:1    | Reached skill level 15 in Shields
 42431 | Elf:1    | Found a bloodstained altar of Trog.
 42580 | Elf:1    | Paralysed by an air elemental for 1 turns
 42587 | Elf:1    | Paralysed by an air elemental for 1 turns
 43453 | Elf:2    | Found Qadoog's Antique Armour Shop.
 43455 | Elf:2    | Found Gunasucu's General Store.
 43457 | Elf:2    | Found Duddoisyn's Distillery.
 43467 | Elf:2    | Bought a potion of heal wounds for 75 gold pieces
 43469 | Elf:2    | Bought a potion of heal wounds for 95 gold pieces
 43473 | Elf:2    | Bought a pair of faintly glowing boots for 266 gold pieces
 43473 | Elf:2    | Identified the +0 pair of boots "Igank" {rPois Dex+2
                  | Stlth+} (You bought it in a shop on level 2 of the Elven
                  | Halls)
 43481 | Elf:2    | Bought a potion of resistance for 190 gold pieces
 43855 | Elf:2    | Found a runed translucent gate.
 43856 | Elf:2    | Found a runed translucent gate.
 43856 | Elf:2    | Found a runed translucent gate.
 43862 | Elf:2    | Noticed Saint Roka
 44147 | Elf:2    | Killed Saint Roka
 44277 | Elf:2    | Reached XP level 20. HP: 146/162 MP: 31/31
 44961 | Elf:3    | Entered Level 3 of the Elven Halls
 45565 | Elf:3    | Paralysed by an air elemental for 1 turns
 46489 | Elf:3    | Found Ycajeihu's Vocational Training.
 46496 | Elf:3    | Bought a manual of Invocations for 1200 gold pieces
 46945 | Elf:3    | Identified the +2 leather armour of Xom's Inspiration
                  | {Regen+ Dex-3 SInv Stlth-}
 47175 | Elf:3    | Identified the ring of Tanahuitogh {rC+ EV+4 Int+4 Dex+2}
 47296 | Elf:3    | Identified the +0 chain mail "Fyobbocw" {rCorr}
 47633 | Vaults:1 | Entered Level 1 of the Vaults
 47750 | Vaults:1 | Paralysed by a great orb of eyes for 5 turns
 47778 | Vaults:1 | Found Qugisauqos's Book Shoppe.
 48315 | Vaults:1 | Reached XP level 21. HP: 135/168 MP: 35/35
 48645 | Vaults:1 | Found a transporter.
 48654 | Vaults:1 | Found a transporter.
 49005 | D:15     | Killed Fuosuwyu's ghost
 49853 | Vaults:1 | Identified the +0 pair of boots of Poor Excuses {+Inv Fly
                  | Int-2 Slay+4}
 49936 | Vaults:2 | Found Engum's Armour Boutique.
 50021 | Vaults:2 | Found Rashriorph's Armour Emporium.
 50404 | Vaults:2 | Found Upyujy's Book Shop.
 50410 | Vaults:2 | You are sucked into a shaft and drop 1 floor!
 50410 | Vaults:3 | Noticed Frederick
 50410 | Vaults:3 | Noticed Nikola
 50410 | Vaults:3 | Found a staircase to the Crypt.
 50422 | Vaults:3 | Killed Nikola
 50433 | Vaults:3 | Killed Frederick
 50617 | Vaults:3 | Found a magical portal.
 50651 | WizLab   | Entered Zonguldrok's Shrine
 51114 | WizLab   | Noticed an antique lich
 51119 | WizLab   | Killed an antique lich
 51168 | WizLab   | Found the +9 sword of Zonguldrok {reap}
 51720 | Vaults:3 | Found Puobb's Antique Weapon Emporium.
 52175 | Vaults:3 | Reached XP level 22. HP: 187/190 MP: 37/37
 52637 | Vaults:4 | Found a glowing golden altar of the Shining One.
 52637 | Vaults:4 | Found a white marble altar of Elyvilon.
 52637 | Vaults:4 | Found a crumbling gateway.
 52676 | Vaults:4 | Found a glowing silver altar of Zin.
 52697 | Desolati | Entered the Desolation of Salt
 52895 | Desolati | Identified the ring "Lokhlettu" {Int+2 Dex+2 SInv}
 52945 | Desolati | Identified the +6 swamp dragon scales "Goojem" {rPois Will+
                  | Dex+7}
 52981 | Desolati | Identified the ring of Xom's Wantonness {Fire Int+5 Slay+5
                  | SInv Stlth-}
 53300 | Desolati | Identified the ring "Ehytu" {Ice rPois rCorr}
 53310 | Desolati | Got the Parchment of Transforming Adjuration
 53311 | Desolati | Identified the ring "Xoehunle" {Contam Fly rElec rPois rC+}
 53312 | Desolati | Identified the +4 scimitar "Xireg" {drain, rElec Str+5}
 53428 | Desolati | Found the +3 giant club "Skullcrusher" {speed, Str+7}
 54282 | Vaults:4 | Found a portal to a secret trove of treasure.
 54498 | Vaults:4 | Paralysed by a great orb of eyes for 2 turns
 54667 | Vaults:4 | Identified the +11 shortbow "Lyfecwus" {freeze, rElec SInv}
 55695 | Crypt:1  | Entered Level 1 of the Crypt
 55808 | Crypt:1  | Noticed Margery
 55859 | Crypt:1  | Noticed Zenata
 56353 | Crypt:1  | Killed Margery
 56768 | Crypt:1  | HP: 6/176 [+0 vorpal trident[Zenata] (16)]
 57145 | Crypt:1  | Killed Zenata
 57146 | Crypt:1  | Reached XP level 23. HP: 152/185 MP: 39/39
 57873 | Crypt:1  | Noticed Vv
 58613 | Slime:1  | Entered Level 1 of the Pits of Slime
 61078 | Slime:2  | Noticed Dissolution
 61103 | Slime:1  | HP: 6/196 [acid (4)]
 61742 | Slime:2  | Donated 1104 gold pieces to Zin
 61754 | Slime:2  | Killed Dissolution
 64251 | Slime:4  | Reached skill level 27 in Invocations
 64772 | Slime:5  | Entered Level 5 of the Pits of Slime
 64801 | Slime:5  | Gained mutation: Your body sometimes deteriorates upon
                  | taking damage. [a shining eye]
 66415 | Slime:5  | Noticed the Royal Jelly
 68217 | Slime:5  | Found a viscous altar of Jiyva.
 68222 | Slime:5  | Found the +8 whip "Snakebite" {venom, curare, rPois}
 69229 | Slime:5  | Killed the Royal Jelly
 69691 | Slime:5  | Identified the +4 shortbow of Courage {vorpal, Fragile
                  | rPois Str+4 Int+4}
 69697 | Slime:5  | Got the Papyrus of Dislocated Poisoning
 69761 | Slime:5  | Got a slimy rune of Zot
 69763 | Slime:5  | Got Xorphuwa's Vademecum on Hurtful Fascination
 70432 | Depths:1 | Entered Level 1 of the Depths
 70531 | Depths:1 | Found a gateway to Hell.
 70559 | Hell     | Entered the Vestibule of Hell
 70559 | Hell     | Noticed Geryon
 70569 | Depths:1 | Identified the +10 long sword "Oxaunumad" {flame, Will+
                  | Int+6 Dex-5}
 70845 | Depths:1 | Reached XP level 24. HP: 199/204 MP: 40/40
 70874 | Depths:1 | Found a radiant altar of Vehumet.
 70967 | Depths:1 | Found a one-way gate to the infinite horrors of the Abyss.
 71367 | Depths:2 | Noticed a juggernaut
 71407 | Depths:2 | Killed a juggernaut
 71629 | Depths:2 | Lost mutation: Your body sometimes deteriorates upon taking
                  | damage. [potion of mutation]
 71775 | Depths:2 | Identified the ring of Propriety {Ice Str+4 Int-2 Slay+5}
 71775 | Depths:2 | Noticed Josephina
 71782 | Depths:2 | Killed Josephina
 72103 | Depths:2 | Found a one-way gate leading to the halls of Pandemonium.
 72646 | Depths:3 | Found Giusk's Assorted Antiques.
 73620 | Hell     | Killed Geryon
 74392 | Depths:3 | Bought a scroll of fear for 168 gold pieces
 74676 | Depths:3 | Identified the +8 scimitar "Kabyr" {flame, Int+6}
 74684 | Depths:3 | Found a runed translucent gate.
 74684 | Depths:3 | Found a runed translucent gate.
 74684 | Depths:3 | Found a runed translucent gate.
 74709 | Depths:3 | Found a one-way gateway to a ziggurat.
 75008 | Depths:3 | Noticed safid's ghost (adept MfIE)
 75008 | Depths:3 | Noticed an ancient lich
 75526 | Depths:3 | Reached XP level 25. HP: 193/210 MP: 40/40
 75838 | Depths:3 | Killed safid's ghost
 75996 | Depths:3 | Identified the +7 chain mail of Febiwaeb {Will++}
 76087 | Depths:3 | Killed an ancient lich
 76228 | Depths:3 | Found Giusk's Assorted Antiques.
 76247 | Depths:3 | Found a one-way gateway to a ziggurat.
 76666 | Hell     | Found a gateway to the freezing wastes of Cocytus.
 76895 | Hell     | Found a gateway to the Iron City of Dis.
 76967 | Hell     | Found a gateway to the ashen valley of Gehenna.
 77037 | Hell     | Found a gateway to the decaying netherworld of Tartarus.
 77142 | Depths:4 | Entered Level 4 of the Depths
 77773 | Depths:4 | Found a gate to the Realm of Zot.
 78038 | Depths:4 | Noticed Xtahua
 78265 | Depths:4 | Paralysed by Xtahua for 5 turns
 78767 | Depths:4 | Noticed Grunn
 78807 | Depths:4 | Killed Grunn
 79613 | Depths:4 | Killed Xtahua
 80480 | Orc:2    | Bought a scroll of immolation for 108 gold pieces
 80683 | Vaults:5 | Entered Level 5 of the Vaults
 81057 | Vaults:5 | Noticed a dread lich
 81064 | Vaults:4 | Reached skill level 27 in Polearms
 81236 | Vaults:5 | Killed a dread lich
 81333 | Vaults:5 | Reached XP level 26. HP: 208/218 MP: 40/40
 81400 | Vaults:5 | Noticed a dread lich
 81407 | Vaults:5 | Killed a dread lich
 81573 | Vaults:5 | Identified the ring of Arrietilupn {rPois Will- Int+3
                  | Dex+6}
 81907 | Vaults:5 | Identified the +4 scimitar of the Dancing Shrike {protect,
                  | rElec Dex+6}
 82177 | Vaults:5 | Found the +0 pair of fencer's gloves {Riposte Dex+3}
 82264 | Vaults:5 | Reached skill level 27 in Dodging
 82295 | Vaults:5 | Got a silver rune of Zot
 82491 | Vaults:5 | Identified the +0 leather armour of Lera {-Tele Harm Will+
                  | Regen+}
 82509 | Vaults:5 | Identified the ring "Geaxesew" {rElec Int+3 SInv}
 82790 | Vaults:5 | Noticed a shard shrike
 82790 | Vaults:5 | a rockslime changed into a shard shrike
 82791 | Vaults:5 | Killed a shard shrike
 82880 | Vaults:5 | Identified the amulet of Pyromania {Reflect Harm rC+ Dex-3
                  | SH+5}
 83596 | Crypt:1  | Killed Vv
 84735 | Crypt:1  | Found a basalt altar of Yredelemnul.
 84835 | Crypt:2  | Identified the +3 buckler of Ignis's Benevolence {rPois
                  | Will+ rCorr}
 85675 | Crypt:3  | Entered Level 3 of the Crypt
 85986 | Crypt:3  | Reached XP level 27. HP: 235/235 MP: 40/40
 86009 | Crypt:3  | Found an ancient bone altar of Kikubaaqudgha.
 86263 | Crypt:3  | Reached skill level 1 in Armour
 86451 | Crypt:3  | Reached skill level 5 in Armour
 86502 | Crypt:3  | Found a staircase to the Tomb.
 86502 | Crypt:3  | Noticed an ancient lich
 86507 | Crypt:3  | Found the +13 scythe of Curses {drain, Drain}
 86513 | Crypt:3  | Killed an ancient lich
 86548 | Crypt:3  | Identified the +2 leather armour of Telime {Regen+ rCorr
                  | Dex+4 SInv}
 86679 | Tomb:1   | Entered Level 1 of the Tomb of the Ancients
 87891 | Tomb:1   | Reached skill level 10 in Armour
 88338 | Zot:1    | Entered Level 1 of the Realm of Zot
 89764 | Zot:1    | Noticed an orb of fire
 89782 | Zot:1    | Killed an orb of fire
 90933 | Zot:2    | Identified the +9 rapier "Dragonslayer" {drain, Fly}
 91251 | Zot:2    | Noticed an orb of fire
 91280 | Zot:2    | Killed an orb of fire
 92530 | Zot:3    | Identified the +2 robe of Filth {Archmagi}
 94915 | Zot:5    | Entered Level 5 of the Realm of Zot
 94915 | Zot:5    | Noticed an orb of fire
 94938 | Zot:5    | Killed an orb of fire
 94994 | Zot:5    | Found a transporter.
 94995 | Zot:5    | Noticed LustLizard's ghost (veteran HOMo)
 95015 | Zot:5    | Found a transporter.
 95923 | Zot:5    | Killed LustLizard's ghost
 96199 | Zot:5    | Identified the ring of Thoughtfulness {rCorr Int+6 Dex+5}
 96200 | Zot:5    | Identified the ring "Azxed Yklaixt" {Fly rF- Will+++ Str+6
                  | Dex-3}
 96345 | Zot:5    | Noticed a dread lich
 96354 | Zot:5    | Noticed a dread lich
 96355 | Zot:5    | Killed a dread lich
 96356 | Zot:5    | Noticed an ancient lich
 96356 | Zot:5    | Noticed an orb of fire
 96359 | Zot:5    | Noticed a dread lich
 96761 | Zot:5    | Killed an ancient lich
 96939 | Zot:5    | Killed a dread lich
 97023 | Zot:5    | Killed an orb of fire
 97225 | Zot:5    | Noticed an ancient lich
 97259 | Zot:5    | Noticed an orb of fire
 97266 | Zot:5    | Killed an ancient lich
 97993 | Zot:4    | Killed an orb of fire
 98519 | Zot:5    | Noticed an ancient lich
 98533 | Zot:5    | Killed an ancient lich
 98745 | Zot:5    | Found a transporter.
 98824 | Zot:5    | Found a transporter.
 99157 | Zot:5    | Killed a dread lich
 99158 | Zot:5    | Reached skill level 27 in Fighting
 99542 | Zot:5    | Noticed an ancient lich
 99552 | Zot:5    | Killed an ancient lich
100805 | Tomb:2   | Noticed a royal mummy
100805 | Tomb:2   | Noticed a royal mummy
100807 | Tomb:2   | Noticed a royal mummy
100815 | Tomb:2   | Noticed a royal mummy
100815 | Tomb:2   | Noticed a royal mummy
100819 | Tomb:2   | Killed a royal mummy
100828 | Tomb:2   | Killed a royal mummy
100848 | Tomb:2   | Killed a royal mummy
100866 | Tomb:2   | Killed a royal mummy
100870 | Tomb:2   | Killed a royal mummy
101653 | Tomb:1   | Noticed a royal mummy
101655 | Tomb:1   | Noticed a royal mummy
101658 | Tomb:1   | Noticed a royal mummy
101664 | Tomb:1   | Killed a royal mummy
101672 | Tomb:1   | Noticed a royal mummy
101708 | Tomb:1   | Killed a royal mummy
101713 | Tomb:1   | Killed a royal mummy
101722 | Tomb:1   | Killed a royal mummy
101962 | Tomb:1   | Noticed a royal mummy
102060 | Tomb:1   | Killed a royal mummy
102101 | Tomb:1   | Noticed a royal mummy
102124 | Tomb:1   | Killed a royal mummy
102134 | Tomb:1   | Noticed a royal mummy
102149 | Tomb:1   | Killed a royal mummy
102586 | Tomb:1   | Noticed a royal mummy
102596 | Tomb:1   | Killed a royal mummy
102812 | Tomb:1   | Noticed a royal mummy
102821 | Tomb:1   | Killed a royal mummy
102822 | Tomb:1   | Noticed a royal mummy
102822 | Tomb:1   | Noticed a royal mummy
102826 | Tomb:1   | Killed a royal mummy
102829 | Tomb:1   | Killed a royal mummy
103048 | Tomb:1   | Donated 2056 gold pieces to Zin
103068 | Tomb:1   | Noticed a royal mummy
103090 | Tomb:1   | Killed a royal mummy
103117 | Tomb:1   | Noticed a royal mummy
103120 | Tomb:1   | Noticed a royal mummy
103130 | Tomb:1   | Noticed a royal mummy
103215 | Tomb:1   | Killed a royal mummy
103216 | Tomb:1   | Reached skill level 27 in Shields
103222 | Tomb:1   | Killed a royal mummy
103222 | Tomb:1   | HP: 12/249 [ushabti] (7)]
103227 | Tomb:1   | Killed a royal mummy
103692 | Tomb:1   | Noticed a royal mummy
103705 | Tomb:1   | Killed a royal mummy
104041 | Tomb:1   | Noticed a royal mummy
104053 | Tomb:1   | Killed a royal mummy
104251 | Tomb:2   | Reached skill level 15 in Throwing
104774 | Tomb:3   | Entered Level 3 of the Tomb of the Ancients
104828 | Tomb:3   | Noticed a royal mummy
104829 | Tomb:3   | Found the +5 glaive of the Guard {elec, spectral, AC+5}
104836 | Tomb:3   | Killed a royal mummy
104836 | Tomb:3   | HP: 12/249 [something (28)]
104872 | Tomb:3   | HP: 10/249 [something (14)]
104900 | Tomb:3   | Noticed a royal mummy
104906 | Tomb:3   | Noticed a royal mummy
104914 | Tomb:3   | Killed a royal mummy
104920 | Tomb:3   | Killed a royal mummy
104927 | Tomb:3   | HP: 11/249 [torment (4)]
104927 | Tomb:3   | HP: 1/249 [something (10)]
104929 | Tomb:3   | Noticed a royal mummy
104930 | Tomb:3   | Noticed a royal mummy
104958 | Tomb:3   | Killed a royal mummy
104965 | Tomb:3   | Killed a royal mummy
104965 | Tomb:3   | Noticed a royal mummy
104972 | Tomb:3   | Killed a royal mummy
104984 | Tomb:3   | Noticed a royal mummy
105000 | Tomb:3   | Killed a royal mummy
105002 | Tomb:3   | Noticed a royal mummy
105004 | Tomb:3   | Noticed a royal mummy
105005 | Tomb:3   | HP: 11/249 [royal mummy/divine providence (14)]
105030 | Tomb:3   | Killed a royal mummy
105038 | Tomb:3   | Killed a royal mummy
105620 | Tomb:3   | Found the +4 robe of Folly {Brilliance Will-∞ Int+8}
105664 | Tomb:3   | Got the Secrets of Shadows and the Black Widow
105666 | Tomb:3   | Identified the ring "Ataaleor" {Fly rN+ Str-4 Dex+5 Stlth+}
105678 | Tomb:3   | Identified the ring "Yfru Tap" {Wiz rPois}
105689 | Tomb:3   | Identified the +2 chain mail of the Lumpy Friends {+Inv}
105707 | Tomb:3   | Identified the +1 robe of Valiance {rPois rC- Str-3 Dex+7}
105708 | Tomb:3   | Identified the +3 dagger of Integrity {pain, Dex+5}
105717 | Tomb:3   | Identified the +6 scimitar of Taomuo {vorpal, rF+ Dex+2
                  | Stlth+}
105847 | Tomb:3   | Got a golden rune of Zot
106460 | Depths:1 | Voluntarily entered the Abyss.
106476 | Abyss:1  | Found a corrupted altar of Lugonu.
106503 | Abyss:2  | Found a corrupted altar of Lugonu.
106704 | Abyss:4  | Found a transporter.
106937 | Abyss:4  | Found a transporter.
106938 | Abyss:4  | Noticed an ancient lich
106947 | Abyss:4  | Killed an ancient lich
106955 | Abyss:4  | Found a transporter.
106956 | Abyss:4  | Got an abyssal rune of Zot
106982 | Abyss:4  | Found a transporter.
107003 | Abyss:4  | Found a transporter.
107026 | Depths:1 | Escaped the Abyss
107141 | Coc:1    | Entered Level 1 of Cocytus
107629 | Coc:3    | Noticed an ancient lich
107688 | Coc:3    | Killed an ancient lich
109208 | Coc:6    | Paralysed by a wendigo for 1 turns
109711 | Coc:7    | Entered Level 7 of Cocytus
109832 | Coc:7    | Killed from afar by a wendigo

Illustrated notes

Levels and vault maps discovered:
D:1:      minmay_arrival_loop, layout_basic,
          shapermc_ecumenical_altar_hornbeckon
D:2:      layout_basic, uniq_terence, uniq_jessica
D:3:      layout_basic, nicolae_elyvilon_peaceful_grove, portal_sewer_entry_e,
          minmay_crystal_water
D:4:      layout_basic, nicolae_hepliaklqana_ecumenical_no_more,
          mainiacjoe_overflow_large_starburst
D:5:      layout_layer_cave, kennysheep_okawaru_gauntlet,
          nemelex_xobeh_ov_fountains_minmay, nicolae_overflow_crystal_walls,
          mainiacjoe_overflow_small_starburst
D:6:      layout_basic, old_standard_altar
D:7:      layout_loops_ring, mainiacjoe_overflow_catwalk, doesnt_xom_only_xom,
          minmay_temple_entry_waves, enter_bailey_2, serial_shops,
          nicolae_shop_hallway_stairs, nicolae_alphabet_shops,
          hangedman_glass_teeth
D:8:      layout_loops_ring, mainiacjoe_overflow_alcove_1, st_stairs_10
D:9:      layout_basic, special_room [special_room_orc], grunt_tough_drop,
          uniq_amaemon
D:10:     layout_irregular_city, dpeg_lair_monsters
D:11:     layout_loops_ring
D:12:     layout_basic, orc_0_dummy
D:13:     layout_loops_ring, lightli_vaults_fourway_checkpoint,
          nzn_wu_jian_council_hall, uniq_sonja
D:14:     layout_roguey, gammafunk_ghost_crypt, nicolae_elevator_lobby_plus
D:15:     gammafunk_enter_depths_forms, layout_basic, ebering_ghost_xom
Temple:   chequers_temple_sunken
Lair:1:   statuecave_lemuel, layout_cave_shapes, cheibrodos_lair_caveside_slide,
          serial_bayou_ford_a
Lair:2:   layout_regular_city, minmay_swamp_entry_reptiles,
          infiniplex_staircase_pool, grunt_megastairs_3
Lair:3:   layout_small_grid, spider_nest_entry_funnel_web, uniq_nergalle
Lair:4:   layout_regular_city
Lair:5:   minmay_lair_end_frog_pond, layout_cave_pods, slime_entry_1,
          nzn_sisyphean_effort, uniq_rupert
Swamp:1:  layout_falls_marsh, nicolae_swamp_oxbows, swamp_pool1
Swamp:2:  layout_basic_swamp, evilmike_swamp_ruin_rubble_1,
          nzn_swamp_dancing_lights, infiniplex_staircase_pool_2
Swamp:3:  layout_falls_marsh, evilmike_swamp_ruin_house_1,
          nicolae_swamp_no_escape
Swamp:4:  swamp, layout_basic_swamp, swamp_pool3
Spider:1: layout_chambers, uniq_roxanne, uniq_aizul, uniq_louise
Spider:2: layout_cave_pods, hangedman_spider_tarantella_strand
Spider:3: layout_cave_pods, nicolae_spider_cling_halls
Spider:4: spider_rune_water, uniq_arachne
Slime:1:  layout_caves, cheibrodos_slime_lost_civilization_6
Slime:2:  layout_caves, nicolae_slime_welcoming_committee, uniq_dissolution
Slime:3:  layout_caves
Slime:4:  layout_caves
Slime:5
Orc:1:    layout_caves
Orc:2:    pubby_orc_utopia
Elf:1:    layout_geoelf_octagon, hangedman_elven_crosses_minicolossus,
          serial_sigils_hangedman_gut, evilmike_spriggan_trog_shrine
Elf:2:    nicolae_elf_blades_crystal_corner, layout_loops_corners,
          minmay_shop_star, uniq_saint_roka
Elf:3:    grunt_elf_hall_branching, layout_geoelf_octagon, corner_web_ring,
          nicolae_shop_vocational
Vaults:1: nicolae_vaults_diagonal_hallway_9, gammafunk_sealed_arena,
          nicolae_vaults_alarming, v_misc_2, dpeg_vaults_monster_box,
          vaults_room_corners, grunt_vaults_swirl, vaults_dpeg_ring,
          grunt_vaults_funnel, hangedman_vaults_stretched_pinwheel,
          layout_vaults_big_room, serial_shops, nicolae_shop_stone
Vaults:2: v_misc_1, v_misc_33, ontoclasm_vaults_pinch, v_alt_pattern_2,
          hangedman_vaults_snaps, hangedman_vaults_hat, v_pattern_5,
          vaults_dpeg_hooks, grunt_vaults_hallway_short,
          layout_vaults_omnicross, serial_shops, nicolae_shop_hallway_plus,
          nicolae_shop_hallway_stairs, shop_scrolls,
          nicolae_shop_hallway_stairs, shop
Vaults:3: mu_enter_wizlab_2, hangedman_vaults_cutoff, nicolae_vaults_rhombus_5,
          v_rooms_3, grunt_vaults_focal, nicolae_vaults_rhombus_6,
          ontoclasm_vaults_gateway, vaults_room_stairs_pillars,
          ontoclasm_vaults_eye, layout_vaults_omnigrid, dummy_crypt_entry,
          serial_shops, shop_coins, uniq_frederick, uniq_nikola
Vaults:4: portal_desolation_entry_holy_temple, hangedman_vaults_corner_blocks,
          nicolae_vaults_back_hallway, hangedman_vaults_pinch,
          grunt_vaults_hallway_long, v_rooms_2, hangedman_vaults_stream,
          v_alt_pattern_4, ontoclasm_vaults_shuriken,
          ontoclasm_vaults_ring_small, v_alt_pattern_4, vaults_room_ringed_pool,
          v_misc_32, vaults_dpeg_cross, nicolae_vaults_little_squares_5,
          vaults_room_pool, layout_vaults_maze, nicolae_trove_entry_path_of_doom
Vaults:5
Crypt:1:  layout_misc_corridors, lemuel_mausoleum_altar_yredelemnul,
          grunt_crypt_arrival_guarded_gate, uniq_zenata, uniq_margery, uniq_vv
Crypt:2:  layout_regular_city
Crypt:3:  grunt_crypt_end_deaths_head
Tomb:1
Tomb:2
Tomb:3
Depths:1: layout_gridlike, hell_entry, marbit_kobold_abyss_entry,
          vehumet_crystals, lemuel_flamethrower_1,
          infiniplex_staircase_pool_lava, firewood_loft
Depths:2: minmay_connected_triangles_in_corner, layout_gridlike,
          nicolae_abyss_entry_one_way_or_another, lightli_too_deep,
          grunt_pan_entry_sceptre, minivault_16, roderic_lattice_octagonal_star,
          uniq_josephina
Depths:3: dreamdust_tengu_aerie, layout_cave_shapes, enter_ziggurat_d,
          abyss_entry_glasseish, gammafunk_ghost_necromancy, hell_entry,
          serial_shops, shop, serial_sigils_hangedman_gut,
          minmay_staircase_bubble
Depths:4: grunt_crosshair, layout_gridville, hell_entry, abyss_entry,
          nicolae_triple_integral, serial_bayou_shore_a, grunt_megastairs_2,
          uniq_xtahua, uniq_grunn
Hell
Coc:1:    layout_cocytus_delve, nicolae_coc_melting_block
Coc:2:    layout_cocytus_water_paths
Coc:3:    layout_ice_bergs
Coc:4:    layout_ice_bergs
Coc:5:    layout_ice_bergs
Coc:6:    layout_ice_bergs
Coc:7:    coc_hangedman
Zot:1:    lemuel_firehouse, layout_concentric_octagons,
          hangedman_elemental_corridor
Zot:2:    kennysheep_six_static_rooms, layout_basic, grunt_ministairs_12,
          grunt_megastairs_5
Zot:3:    layout_twisted_circle, grunt_megastairs_4
Zot:4:    kennysheep_bubbly, layout_basic
Zot:5:    layout_gridville, gammafunk_ghost_berserking_beasts

Skill      XL: |  1  2  3  4  5  6  7  8  9 10 11 12 13 14 15 16 17 18 19 20 21 22 23 24 25 26 27 |
---------------+----------------------------------------------------------------------------------+-----
Polearms       | 5 6 7 8 10 14 19 20 24 27 | 27.0
Fighting       | 5 7 8 10 12 15 20 23 27 | 27.0
Invocations    | 5 7 8 11 15 21 22 25 27 | 27.0
Dodging        | 10 12 14 22 23 25 27 | 27.0
Summonings     | 5 |  5.0
Shields        | 6 8 9 12 17 18 20 27 | 27.0
Throwing       | 12 14 21 | 21.0
Armour         | 12 | 12.7

Action                   |  1- 3 |  4- 6 |  7- 9 | 10-12 | 13-15 | 16-18 | 19-21 | 22-24 | 25-27 || total
-------------------------+-------+-------+-------+-------+-------+-------+-------+-------+-------++-------
Melee: Trident           |   100 |    42 |       |       |       |       |       |       |       ||   142
       Punch             |     1 |       |       |       |       |       |       |       |       ||     1
       Spear             |       |    96 |   374 |   979 |  1621 |  1626 |       |       |       ||  4696
       Tailslap          |       |     1 |     2 |    14 |    16 |    63 |     1 |       |       ||    97
       Trishula          |       |       |       |       |       |   564 |  1674 |  2195 |  3398 ||  7831
Throw: Throwing net      |     4 |     1 |       |       |       |       |       |     4 |     1 ||    10
       Dart              |       |     3 |       |    13 |    14 |   132 |   119 |     2 |     3 ||   286
       Javelin           |       |     1 |       |       |     3 |     2 |     4 |       |     4 ||    14
       Boomerang         |       |       |       |       |       |       |       |     3 |     1 ||     4
Invok: Recite            |       |       |     1 |     8 |    15 |     8 |    41 |    45 |   117 ||   235
       Vitalisation      |       |       |     1 |     3 |     8 |    13 |    28 |    51 |    87 ||   191
       Sanctuary         |       |       |       |       |     1 |       |     1 |     3 |     5 ||    10
       Imprison          |       |       |       |       |     1 |       |       |     2 |    15 ||    18
       Cleansing Flame   |       |       |       |       |       |     5 |       |       |       ||     5
       Divine Shield     |       |       |       |       |       |     4 |       |       |       ||     4
       Brand Weapon With |       |       |       |       |       |     1 |       |       |       ||     1
       Donate Gold       |       |       |       |       |       |       |       |     1 |     1 ||     2
Evoke: Wand              |       |     5 |       |     7 |       |     2 |     1 |     2 |     3 ||    20
  Use: Scroll            |     3 |     2 |     6 |    16 |     9 |    16 |     5 |    13 |    11 ||    81
       Potion            |       |       |       |       |     1 |     5 |     7 |    12 |    66 ||    91
 Stab: Sleeping          |       |     1 |       |     1 |     1 |       |     2 |     4 |     1 ||    10
       Confused          |       |       |       |     3 |    14 |       |    36 |    54 |   114 ||   221
       Paralysed         |       |       |       |     9 |    22 |       |     7 |    15 |    17 ||    70
       Invisible         |       |       |       |       |    15 |       |    22 |       |    56 ||    93
       Distracted        |       |       |       |       |     2 |       |       |     1 |    14 ||    17
       Held in net/web   |       |       |       |       |       |       |       |     4 |       ||     4
Armor: Leather armour    |     7 |       |       |       |       |       |       |       |     4 ||    11
       Ring mail         |    12 |    14 |    49 |    63 |       |       |       |       |       ||   138
       Troll leather arm |       |       |       |    46 |   241 |   334 |   152 |     9 |       ||   782
       Swamp dragon scal |       |       |       |       |       |       |       |   194 |   143 ||   337
       Pearl dragon scal |       |       |       |       |       |       |       |     6 |    45 ||    51
Dodge: Dodged            |    46 |    50 |   130 |   353 |   635 |   991 |   606 |  1142 |  1245 ||  5198
Block: Buckler           |    10 |     5 |    23 |    67 |   225 |   778 |    30 |       |       ||  1138
       Reflection        |       |       |       |       |     9 |    29 |   107 |    44 |   115 ||   304
       Tower shield      |       |       |       |       |       |       |   653 |   122 |  1446 ||  2221
       Kite shield       |       |       |       |       |       |       |   550 |  1827 |  1248 ||  3625
       Rpst.: Trishula   |       |       |       |       |       |       |       |       |   899 ||   899
